Description

This build is a 9 roach hyper aggressive push. You can still play a macro game behind because you have three bases.

VOD

https://www.youtube.com/watch?v=iKJcBn-M3os

Replay - 2021-03-27 - (Z)Lambo,(T)A.I. 1 (Very Easy) (1)

Build Order

Get SALT Encoding   

  12  0:00  Drone  
  13  0:12  Overlord  
  13  0:17  Drone  
  14  0:30  Drone x2  
  16  0:46  Hatchery  
  15  0:50  Drone x2  
  18  0:57  Drone  
  18  1:07  Extractor  
  17  1:11  Spawning Pool  
  17  1:15  Drone x2  
  18  1:28  Drone  
  21  1:58  Queen x2, Zergling x4  
  27  2:11  Overlord  
  28  2:16  Roach Warren  
  31  2:41  Overlord x2  
  34  2:58  Roach  
  34  3:05  Roach x8  
  50  3:26  Hatchery  
  49  3:27  Ravager  
  49  3:31  Overlord  
  59  4:04  Queen  
  63  4:22  Extractor  
Spawning Tool Build Advisor. Get it on Overwolf

Go to:

Details

  • Created by: Dablo974
  • Published on: Jul 06, 2022
  • Modified on: Jul 30, 2022
  • Patch: 4.11.0
  • Difficulty: Medium
Show
View Real Time Build Order
Export as new Build Order

Comments (0)

There are no comments. Be the first!

Create an account to comment!